 Dungeon Crawl Stone Soup version 0.30.1-11-g7821555f0a (webtiles) character file.

Game seed: 8648555234083637397

127 Woods the Magician (level 5, -7/38 HPs)
             Began as a Djinni Conjurer on Nov 4, 2023.
             Mangled by a gnoll
             ... wielding a +0 flail
             ... led by a gnoll bouda
              (9 damage)
             ... on level 4 of the Dungeon.
             The game lasted 00:05:32 (2866 turns).

Woods the Magician (Djinni Conjurer)                Turns: 2866, Time: 00:05:32

Health: -7/38      AC:  3    Str:  6    XL:     5   Next: 33%
Gold:   184        EV: 12    Int: 21    God:
                   SH:  0    Dex: 12

rFire   + + .        (no weapon)
rCold   x . .        (no shield)
rNeg    . . .        a - +0 robe
rPois   ∞            (no helmet)
rElec   .            (no cloak)
rCorr   .            g - +0 pair of gloves
SInv    .            (boots unavailable)
Will    .....        (no amulet)
Stlth   ++           (no ring)
HPRegen 0.26/turn    (no ring)
MPRegen 0.00/turn

%: infuse magic (-8 HP)
@: flying, very slightly contaminated
A: sickness immunity, fire resistance 2, cold vulnerability 1, float, innate
caster, HP casting, extra vitality 1
a: no special abilities


You were on level 4 of the Dungeon.
You visited 1 branch of the dungeon, and saw 4 of its levels.

You collected 184 gold pieces.

Inventory:

Armour
 a - a +0 robe (worn)
 g - a +0 pair of gloves (worn)
Wands
 l - a wand of roots (5)
Scrolls
 e - 2 scrolls of identify {unknown}
 f - a scroll of amnesia {unknown}
 m - 2 scrolls of fog {unknown}
 o - a scroll of acquirement {unknown}
Potions
 b - a potion of berserk rage {unknown}
 c - 2 potions of haste {unknown}
 d - a potion of degeneration {unknown}
 h - 2 potions of ambrosia {unknown}
 i - 2 potions of flight
 j - 2 potions of lignification {unknown}
 k - a potion of mutation {unknown}
 n - a potion of might {unknown}


   Skills:
 + Level 1.7 Fighting
 + Level 3.3 Dodging
 + Level 2.5 Stealth
 * Level 3.8 Spellcasting


You knew the following spells:

 Your Spells              Type           Power      Damage    Failure   Level
a - Magic Dart            Conj           80%        1d7       2%          1
b - Searing Ray           Conj           40%        2d5       3%          2
c - Dazzling Flash        Conj/Hex       40%        N/A       8%          3
d - Fulminant Prism       Conj/Hex       10%        3d8       26%         4
e - Iskenderun's Mystic   Conj/Tloc      20%        2d6       26%         4
f - Slow                  Hex            80%        N/A       2%          1
g - Passwall              Tmut/Erth      16%        N/A       3%          2
Your spell library was empty.

Dungeon Overview and Level Annotations

Branches:
Dungeon (4/15)
 Temple: D:4-7

Altars:
Yredelemnul


Innate Abilities, Weirdness & Mutations

You are immune to sickness and miasma.
You are immune to poison.
Your flesh is very heat resistant. (rF++)
You are vulnerable to cold. (rC-)
You float through the air rather than walking.
You learn spells naturally, not from books.
Your magical power is your life essence.
You have superior vitality. (+4 MHP)


Message History

You kill the gnoll!
You finish channelling your searing ray.
A gnoll comes into view. It is wielding a +0 spear.
Unknown command.
Casting: Searing Ray (safe; 3% risk of failure)
Confirm with . or Enter, or press ? or * to list all spells.
The spell is extremely dangerous to miscast (26% risk of failure)!
Continue anyway? [Y]es or [N]o only, please.
The spell is extremely dangerous to miscast (26% risk of failure)!
Continue anyway?
Okay, then.
Unknown command.
The gnoll bouda gazes fiercely through you!
You feel as though you will be weak longer.
You see here a +0 quarterstaff.
Your magical contamination has completely faded away.
You reach down and open the door.
A gnoll comes into view. It is wielding a +0 halberd.
The gnoll is no longer moving quickly.
There is an open door here.
The gnoll attacks as you move away! The gnoll hits you with a +0 flail.
The gnoll bouda attacks as you move away!
The gnoll bouda hits you with a +0 whip.
The gnoll hits you with a +0 flail!
* * * LOW HITPOINT WARNING * * *
The gnoll attacks as you move away! The gnoll barely misses you.
Unknown command.
Casting: Fulminant Prism (extremely dangerous; 26% risk of failure)
Confirm with . or Enter, or press ? or * to list all spells.
The spell is extremely dangerous to miscast (26% risk of failure)!
Continue anyway?
You miscast Iskenderun's Mystic Blast.
You are very lightly contaminated with residual magic.
Nothing appears to happen.
* * * LOW HITPOINT WARNING * * *
Your attacks no longer feel as feeble.
The gnoll hits you but does no damage.
Unknown command.
It was a potion of flight.
You feel more buoyant. The gnoll hits you with a +0 flail!
You die...

.......# .# .......# ...
.......# ..# .....### +..#
.....#.###..# ..
.....#......# .....
....)'......# .....
.....#.).g..########+#.....
.....#......#.gg@.<.......
.....g^.....#..g..........
............g.........####
..#####.....#.........#
..#/=(#.....#.........#
..#?[$#.....#..)......#
..#[(!#.....#.........#
..#####..####.........#
............+.........#


You could see a gnoll bouda and 3 gnolls.

Vanquished Creatures
  A gnoll (D:4)
  4 adders
  An adder zombie (D:3)
  2 worms (D:3)
  2 dart slugs (D:2)
  3 orcs (D:3)
  9 ball pythons
  7 bats
  5 endoplasms
  2 giant cockroaches
  7 hobgoblins
  3 jackals (D:1)
  A quokka (D:1)
  A ball python zombie (D:3)
  3 frilled lizards
  4 goblins
  3 kobolds
  8 rats
  A spectral goblin (D:1)
67 creatures vanquished.

Notes
Turn   | Place    | Note
-------+----------+-------------------------------------------
     0 | D:1      | Woods the Djinni Conjurer began the quest for the Orb.
     0 | D:1      | Woods set off with the following spells memorised: Magic
                  | Dart, Searing Ray, Dazzling Flash, Fulminant Prism,
                  | Iskenderun's Mystic Blast.
     0 | D:1      | Reached XP level 1. HP: 15/15 MP: 0/0
    68 | D:1      | Reached XP level 2. HP: 11/21 MP: 0/0
   252 | D:1      | Found a faded altar of an unknown god.
   357 | D:1      | Reached XP level 3. HP: 21/26 MP: 0/0
   357 | D:1      | Learned a level 1 spell: Slow
   984 | D:2      | Reached skill level 1 in Fighting
  1092 | D:2      | Reached XP level 4. HP: 15/32 MP: 0/0
  2147 | D:3      | Identified the +0 chain mail "Hynoighea" {rPois rC+ Regen+
                  | Dex+3}
  2213 | D:3      | Reached XP level 5. HP: 32/37 MP: 0/0
  2213 | D:3      | Learned a level 2 spell: Passwall
  2421 | D:3      | Found a basalt altar of Yredelemnul.
  2866 | D:4      | Mangled by a gnoll

Illustrated notes

Levels and vault maps discovered:
D:1:      amcnicky_arrival_underground_garden, layout_rooms,
          dreamdust_ecumenical_altar_drowned_temple,
          chequers_serial_rivers_small_b, corexii_hall_statues_t
D:2:      layout_basic
D:3:      layout_basic, lemuel_zombie_altar_yredelemnul, chequers_jeans
D:4:      layout_gridville, serial_shops, kennysheep_mini, due_unseen_surprise

Skill      XL: |  1  2  3 |
---------------+----------+-----
Stealth        | 2 |  2.5
Fighting       | 1 |  1.7
Dodging        | 3 |  3.3
Spellcasting   | |  3.8

Action                     |  1- 3 |  4- 6 || total
---------------------------+-------+-------++-------
  Melee: Unarmed           |     1 |     1 ||     2
   Cast: Magic Dart        |    63 |    45 ||   108
         Searing Ray       |     6 |    11 ||    17
    Use: Potion            |       |     1 ||     1
 Armour: Robe              |     3 |     2 ||     5
  Dodge: Dodged            |    11 |     6 ||    17
